 Dungeon Crawl Stone Soup version 0.30-a0-51-g784eafce7f (webtiles) character file.

Game seed: 793290844693667910

200 spaghetti the Insei (level 5, 0/41 HPs)
             Began as a Gnoll Transmuter on Sept 5, 2022.
             Was a Follower of Trog.
             Slain by a goblin
             ... wielding a +0 club
             ... led by Robin
              (4 damage)
             ... on level 3 of the Dungeon.
             The game lasted 00:02:07 (1279 turns).

spaghetti the Insei (Gnoll Transmuter)              Turns: 1279, Time: 00:02:07

Health: 0/41       AC:  2    Str: 10 (12) XL:     5   Next: 78%
Magic:  12/12      EV: 13    Int: 10 (12) God:    Trog [*.....]
Gold:   85         SH:  0    Dex: 10 (12) Spells: 13/14 levels left

rFire   . . .      SeeInvis .      - Unarmed
rCold   . . .      Faith    .    (no shield)
rNeg    . . .      Spirit   .    a - +0 robe
rPois   .          Reflect  .    (no helmet)
rElec   .          Harm     .    (no cloak)
rCorr   .          Rampage  .    (no gloves)
Will    .....                    (no boots)
Stlth   ++........               (no amulet)
HPRegen 0.13/turn                (no ring)
MPRegen 0.13/turn                (no ring)

@: on berserk cooldown, flying, slowed, very slow
A: fangs 1, strong nose, distributed training
a: Renounce Religion, Berserk


You were on level 3 of the Dungeon.
You worshipped Trog.
Trog was aware of your devotion.
You visited 1 branch of the dungeon, and saw 3 of its levels.

You collected 85 gold pieces.


Innate Abilities, Weirdness & Mutations

You have very sharp teeth.
Your uncanny sense of smell can sniff out nearby items.
Your experience applies equally to all skills.


   Skills:
 + Level 3.1 Fighting
 + Level 1.7 Short Blades
 + Level 1.7 Long Blades
 + Level 1.7 Axes
 + Level 1.7 Maces & Flails
 + Level 1.7 Polearms
 + Level 1.7 Staves
 + Level 1.7 Ranged Weapons
 + Level 1.7 Throwing
 + Level 1.7 Armour
 + Level 4.9 Dodging
 + Level 1.7 Stealth
 + Level 1.7 Shields
 + Level 6.7 Unarmed Combat
 + Level 5.2 Spellcasting
 + Level 1.3 Conjurations
 + Level 1.3 Hexes
 + Level 1.3 Summonings
 + Level 1.3 Necromancy
 + Level 1.3 Translocations
 + Level 4.0 Transmutations
 + Level 1.3 Fire Magic
 + Level 1.3 Ice Magic
 + Level 1.3 Air Magic
 + Level 1.3 Earth Magic
 + Level 1.3 Poison Magic
 + Level 1.9 Invocations
 + Level 1.7 Evocations


You had 13 spell levels left.
You knew the following spells:

 Your Spells              Type           Power      Damage    Failure   Level
a - Beastly Appendage     Tmut           20%        N/A       4%          1

Your spell library contained the following spells:

 Spells                   Type           Power      Damage    Failure   Level
 Wereblood                Tmut           10%        N/A       6%          2
 Magic Dart               Conj           20%        1d4       13%         1
 Call Imp                 Summ           5%         N/A       19%         2
 Spider Form              Tmut/Pois      8%         N/A       22%         3
 Mephitic Cloud           Conj/Pois/Air  5%         N/A       36%         3
 Ice Form                 Ice/Tmut       8%         N/A       58%         4

Inventory:

Missiles
 b - 5 javelins {throwing}
 h - 7 stones {throwing}
Armour
 a - a +0 robe (worn)
Jewellery
 k - a ring of flight
   (You found it on level 3 of the Dungeon)
Scrolls
 e - a scroll of amnesia {unknown}
 f - 2 scrolls of teleportation {unknown}
 g - 2 scrolls of identify {unknown}
Potions
 d - a potion of curing {@q1}

Dungeon Overview and Level Annotations

Branches:
Dungeon (3/15) Zot: 16713

Altars:
Trog
Zin

#. #.. .#
#...#######.#
#..gggg#....#
#g@)#####
#.)))...# ######
#.#####.#####...>#
#. #..........# #.
#######....# ..
#....# .. ###.##
.#. #.# #.#


You could see 5 goblins.


Message History

The goblin shouts!
You punch the hobgoblin!
You kill the hobgoblin!
Trog accepts your kill.
You feel sick.
A goblin comes into view. It is wielding a +0 club.
The goblin hits you with a +0 dagger. 😕 HP[-5]
You take 5 damage, and now have 52/61 hp.
You closely miss the goblin.
You feel sick.
The goblin shouts! 😕 HP[-1]
You take 1 damage, and now have 51/61 hp.
You punch the goblin!
You kill the goblin!
Trog accepts your kill.
You feel sick.
A goblin comes into view. It is wielding a +0 dagger. 😕 HP[-1]
You take 1 damage, and now have 50/61 hp.
You closely miss the goblin.
You feel sick. 😕 HP[-1]
You take 1 damage, and now have 49/61 hp.
You punch the goblin!
You kill the goblin!
Trog accepts your kill.
You feel sick.
A goblin comes into view. It is wielding a +0 dagger. 😕 HP[-1]
You take 1 damage, and now have 48/61 hp.
A goblin comes into view. It is wielding a +0 dagger.
Robin throws the goblin at you!
Items here: ( ) ††.
You punch Robin!
You feel sick. 😕 HP[-1]
You take 1 damage, and now have 47/61 hp.
You punch Robin!
You kill Robin!
Trog accepts your kill.
You feel sick.
The goblin hits you with a +0 club. 😮 HP[-7]
You take 7 damage, and now have 40/61 hp.
You punch the goblin!
You kill the goblin!
Trog accepts your kill.
You closely miss the goblin. Your punch misses the goblin.
You feel sick. 😮 HP[-1]
You take 1 damage, and now have 39/61 hp.
You punch the goblin!
You kill the goblin!
Trog accepts your kill.
You are no longer berserk.
You are exhausted.
You feel yourself slow down. 😮 HP[-13]
You now have 41 max hp (-20).
Unknown command.
You feel sick.
You are no longer poisoned.
The goblin closely misses you. 😮 HP[-1]
You take 1 damage, and now have 25/41 hp.
You hit the goblin but do no damage. You bite the goblin.
The goblin hits you with a +0 club.
* * * LOW HITPOINT WARNING * * *
The goblin barely misses you. The goblin hits you with a +0 club.
* * * LOW HITPOINT WARNING * * *
The goblin barely misses you. 😨 HP[-10]
You take 10 damage, and now have 15/41 hp.
MASSIVE DAMAGE!! (PAUSE) It was a potion of curing.
You feel better. The goblin misses you. The goblin hits you with a +0 dagger.
* * * LOW HITPOINT WARNING * * *
😨 HP[+4]
You regained 4 hp, and now have 19/41 hp.
Unknown command.
It was a potion of magic.
Magic courses through your body. The goblin closely misses you.
The goblin hits you but does no damage. x2
The goblin closely misses you.
Unknown command.
It was a potion of degeneration.
There was something very wrong with that liquid.
You feel weakened.
You feel dopey.
You feel clumsy.
The goblin no longer looks unusually strong.
The goblin barely misses you. The goblin hits you with a +0 dagger.
* * * LOW HITPOINT WARNING * * *
😨 HP[-6]
You take 6 damage, and now have 13/41 hp.
Unknown command.
It was a potion of flight.
You feel very buoyant.
You fly up into the air.
The goblin no longer looks unusually strong. x2
The goblin hits you with a +0 club.
* * * LOW HITPOINT WARNING * * *
The goblin hits you with a +0 dagger.
* * * LOW HITPOINT WARNING * * *
The goblin hits you with a +0 club.
You die...

Skill      XL: |  1  2 |
---------------+-------+-----
Fighting       | 3 |  3.1
Short Blades   | 1 |  1.7
Long Blades    | 1 |  1.7
Axes           | 1 |  1.7
Maces & Flails | 1 |  1.7
Polearms       | 1 |  1.7
Staves         | 1 |  1.7
Ranged Weapons | 1 |  1.7
Throwing       | 1 |  1.7
Armour         | 1 |  1.7
Stealth        | 1 |  1.7
Shields        | 1 |  1.7
Spellcasting   | 5 |  5.2
Conjurations   | 1 |  1.3
Hexes          | 1 |  1.3
Summonings     | 1 |  1.3
Necromancy     | 1 |  1.3
Translocations | 1 |  1.3
Transmutations | 4 |  4.0
Fire Magic     | 1 |  1.3
Ice Magic      | 1 |  1.3
Air Magic      | 1 |  1.3
Earth Magic    | 1 |  1.3
Poison Magic   | 1 |  1.3
Invocations    | 1 |  1.9
Evocations     | 1 |  1.7
Dodging        | |  4.9
Unarmed Combat | |  6.7

Action                   |  1- 3 |  4- 6 || total
-------------------------+-------+-------++-------
Melee: Unarmed           |    43 |    29 ||    72
       Bite              |     4 |     1 ||     5
       Punch             |     1 |       ||     1
Invok: Berserk           |     1 |     1 ||     2
  Use: Potion            |     1 |     4 ||     5
 Stab: Sleeping          |       |     1 ||     1
Armor: Robe              |     5 |     4 ||     9
       Skin              |     4 |       ||     4
Dodge: Dodged            |    23 |    18 ||    41

Levels and vault maps discovered:
D:1:      eino_arrival_tree_alley, layout_basic,
          dreamdust_ecumenical_altar_drowned_temple, minmay_fountain_box
D:2:      layout_loops_corners, basic_altar, uniq_sigmund
D:3:      layout_rooms, uniq_natasha, uniq_robin

Notes
Turn   | Place    | Note
-------+----------+-------------------------------------------
     0 | D:1      | spaghetti the Gnoll Transmuter began the quest for the Orb.
     0 | D:1      | Reached XP level 1. HP: 17/17 MP: 6/6
     0 | D:1      | magus.rc [v1.9.6]
   109 | D:1      | Found a faded altar of an unknown god.
   121 | D:1      | You pick up a book of Minor Magic and begin reading...
   121 | D:1      | You add the spells Magic Dart, Call Imp and Mephitic Cloud
                  | to your library.
   130 | D:1      | Prayed at the altar of an unknown god.
   130 | D:1      | Became a worshipper of Trog the Wrathful
   130 | D:1      | Reached * piety under Trog
   148 | D:1      | You fall into a shaft and drop 1 floor!
   457 | D:2      | Reached XP level 2. HP: 23/23 MP: 7/7
   531 | D:2      | You pick up a book of Changes {forbidden} and begin
                  | reading...
   582 | D:2      | Found a glowing silver altar of Zin.
   752 | D:2      | Noticed Sigmund
   764 | D:2      | Killed Sigmund
   765 | D:2      | Reached skill level 3 in Fighting
   765 | D:2      | Reached skill level 1 in Short Blades
   765 | D:2      | Reached skill level 1 in Long Blades
   765 | D:2      | Reached skill level 1 in Axes
   765 | D:2      | Reached skill level 1 in Maces & Flails
   765 | D:2      | Reached skill level 1 in Polearms
   765 | D:2      | Reached skill level 1 in Staves
   765 | D:2      | Reached skill level 1 in Ranged Weapons
   765 | D:2      | Reached skill level 1 in Throwing
   765 | D:2      | Reached skill level 1 in Armour
   765 | D:2      | Reached skill level 1 in Stealth
   765 | D:2      | Reached skill level 1 in Shields
   765 | D:2      | Reached skill level 5 in Spellcasting
   765 | D:2      | Reached skill level 1 in Conjurations
   765 | D:2      | Reached skill level 1 in Hexes
   765 | D:2      | Reached skill level 1 in Summonings
   765 | D:2      | Reached skill level 1 in Necromancy
   765 | D:2      | Reached skill level 1 in Translocations
   765 | D:2      | Reached skill level 4 in Transmutations
   765 | D:2      | Reached skill level 1 in Fire Magic
   765 | D:2      | Reached skill level 1 in Ice Magic
   765 | D:2      | Reached skill level 1 in Air Magic
   765 | D:2      | Reached skill level 1 in Earth Magic
   765 | D:2      | Reached skill level 1 in Poison Magic
   765 | D:2      | Reached skill level 1 in Invocations
   765 | D:2      | Reached skill level 1 in Evocations
   765 | D:2      | Reached XP level 3. HP: 29/29 MP: 7/9
   765 | D:2      | Reached XP level 4. HP: 35/35 MP: 8/11
   765 | D:2      | Reached XP level 5. HP: 41/41 MP: 8/12
  1254 | D:3      | Noticed Robin
  1270 | D:3      | Killed Robin
  1279 | D:3      | HP: 8/41 [goblin/+0 club[Robin] (5)]
  1279 | D:3      | Slain by a goblin

Vanquished Creatures
  Sigmund (D:2)
  Robin (D:3)
  An adder (D:2)
  A dart slug (D:2)
  A bat (D:2)
  2 endoplasms
  9 goblins
  4 hobgoblins
  A kobold (D:2)
  2 ball pythons (D:2)
  A frilled lizard (D:2)
  A rat (D:2)
  A spectral goblin (D:1)
26 creatures vanquished.

Table legend:
 A = Non-vault XP
 B = Vault XP
 C = Vault XP percentage of total XP
 D = Non-vault monster count
 E = Vault monster count
 F = Vault count percentage of total count
                 A         B        C        D         E       F
            +---------+---------+-------+---------+---------+-------
      Total |      43 |     243 |  85.0 |      16 |      10 |  38.5
            +---------+---------+-------+---------+---------+-------
        D:1 |       2 |       1 |  33.3 |       1 |       1 |  50.0
        D:2 |      37 |     214 |  85.3 |      13 |       1 |   7.1
        D:3 |       4 |      28 |  87.5 |       2 |       8 |  80.0
            +---------+---------+-------+---------+---------+-------

Illustrated notes

Table legend:
 A = Kills in this place as a percentage of kills in entire the game.
 B = Kills by you in this place as a percentage of kills by you in the entire game.
 C = Kills by friends in this place as a percentage of kills by friends in the entire game.
 D = Other kills in this place as a percentage of other kills in the entire game.
 E = Experience gained in this place as a percentage of experience gained in the entire game.
 F = Experience gained in this place divided by the number of levels of this place that you have seen.
                   A       B       C       D       E      F
               +-------+-------+-------+-------+-------+----------------------
         Total | 100.0 | 100.0 |   N/A |   N/A | 100.0 |  95.3
       Dungeon | 100.0 | 100.0 |   N/A |   N/A | 100.0 |  95.3
               +-------+-------+-------+-------+-------+----------------------

Table legend: (Time is in decaauts)
 A = Elapsed time spent in this place.
 B = Non-inter-level travel time spent in this place.
 C = Inter-level travel time spent in this place.
 D = Time resting spent in this place.
 E = Time spent auto-exploring this place.
 F = Levels seen in this place.
 G = Mean time per level.
                   A        B        C        D        E       F      G
               +--------+--------+--------+--------+--------+-----+--------+
         Total |   1285 |   1279 |      6 |      0 |   1104 |   3 |  428.3 |
       Dungeon |   1285 |   1279 |      6 |      0 |   1104 |   3 |  428.3 |
               +--------+--------+--------+--------+--------+-----+--------+

Top non-repeatable levels by time:
     D:2: 1048 daAuts
     D:1: 152 daAuts
     D:3: 84 daAuts
